 Dungeon Crawl Stone Soup version 0.29-a0-330-g52719c12eb (webtiles) character file.

Game seed: 12986917817839480964

36 sanka the Insei (level 3, 35/35 HPs)
             Began as a Gnoll Monk on Apr 21, 2022.
             Was a Believer of Yredelemnul.
             Quit the game on level 2 of the Dungeon.
             The game lasted 00:01:26 (1081 turns).

sanka the Insei (Gnoll Monk)                        Turns: 1081, Time: 00:01:26

Health: 35/35      AC:  2    Str: 10    XL:     3   Next: 37%
Magic:  4/4        EV: 15    Int: 11    God:    Yredelemnul [**....]
Gold:   157        SH:  0    Dex: 14    Spells: 3/3 levels left

rFire   . . .      SeeInvis .   f - +0 dagger (drain)
rCold   . . .      Faith    .   (no shield)
rNeg    . . .      Spirit   .   a - +0 robe
rPois   .          Reflect  .   (no helmet)
rElec   .          Harm     .   (no cloak)
rCorr   .          Rampage  .   (no gloves)
Will    .....                   (no boots)
Stlth   +++.......              (no amulet)
HPRegen 0.11/turn               (no ring)
MPRegen 0.09/turn               (no ring)

@: no status effects
A: fangs 1, strong nose, distributed training
a: Renounce Religion, Recall Undead Harvest, Dark Bargain


You were on level 2 of the Dungeon.
You worshipped Yredelemnul.
Yredelemnul was noncommittal.
You visited 1 branch of the dungeon, and saw 2 of its levels.

You collected 157 gold pieces.


Innate Abilities, Weirdness & Mutations

You have very sharp teeth.
Your uncanny sense of smell can sniff out nearby items.
Your experience applies equally to all skills.


   Skills:
 + Level 6.5 Fighting
 + Level 0.7 Short Blades
 + Level 0.7 Long Blades
 + Level 0.7 Axes
 + Level 0.7 Maces & Flails
 + Level 0.7 Polearms
 + Level 0.7 Staves
 + Level 0.7 Slings
 + Level 0.7 Bows
 + Level 0.7 Crossbows
 + Level 0.7 Throwing
 + Level 0.7 Armour
 + Level 6.5 Dodging
 + Level 4.1 Stealth
 + Level 0.7 Shields
 + Level 6.5 Unarmed Combat
 + Level 0.7 Spellcasting
 + Level 0.5 Conjurations
 + Level 0.5 Hexes
 + Level 0.5 Summonings
 + Level 0.5 Necromancy
 + Level 0.5 Translocations
 + Level 0.5 Transmutations
 + Level 0.5 Fire Magic
 + Level 0.5 Ice Magic
 + Level 0.5 Air Magic
 + Level 0.5 Earth Magic
 + Level 0.5 Poison Magic
 + Level 0.9 Invocations
 + Level 0.7 Evocations


You had 3 spell levels left.
You didn't know any spells.
Your spell library contained the following spells:

 Spells                   Type           Power      Damage    Failure   Level
 Animate Skeleton         Necr           2%         N/A       26%         1
 Apportation              Tloc           2%         N/A       26%         1
 Magic Dart               Conj           4%         1d3       26%         1
 Summon Small Mammal      Summ           4%         N/A       26%         1
 Searing Ray              Conj           2%         2d4       38%         2
 Fulminant Prism          Conj/Hex       0%         3d6       95%         4

Inventory:

Hand Weapons
 f - a +0 dagger of draining (weapon)
Armour
 a - a +0 robe (worn)
Scrolls
 d - a scroll of magic mapping {unknown}
 e - a scroll of identify {unknown}
 i - 2 scrolls of teleportation {unknown}
 k - a scroll of enchant armour {unknown}
Potions
 b - 2 potions of ambrosia
 c - a potion of berserk rage {unknown}
 g - a potion of heal wounds {unknown}
 h - a potion of flight {unknown}
 j - a potion of curing {unknown}
 l - a potion of might {unknown}

Dungeon Overview and Level Annotations

Branches:
Dungeon (2/15)

Altars:
Yredelemnul

Annotations:
D:2 1 runed translucent door, Crazy Yiuf

▒...▒♣. ▒▒
▒f...fP.▒
▒g..+.♣
...▒..P....▒▒▒
▒)..▒♣♣
▒K▒......P▒.▒
▒▒▒
▒..f..Pf..▒
▒...P....f▒.▒
▒f..ZPPZf.▒.▒
▒...ZZZ.P£▒.▒
▒▒▒▒▒g▒▒▒▒▒.▒
▒..ZZ.Z...▒.▒
..


▒PPP.ZPZ.P▒.▒ ... ▒.....P.P.▒.▒ ▒.▒ ▒.P.......▒.▒▒ ▒.▒ ....▒..PP...▒...▒▒▒.▒
▒▒▒▒▒.(.....▒▒▒▒.▒.▒▒ ▒▒..PP..P▒ ▒....▒ ▒.▒▒...▒▒.▒▒▒.▒.▒.▒ You could see a
kobold (asleep), a friendly bat zombie, 4 friendly ball python zombies, a
friendly adder zombie, 3 friendly quokka zombies and a friendly giant cockroach
zombie.


Message History

You kill the kobold!
No target in view!
Things that are here:
a +0 short sword; 3 stones A frilled lizard comes into view.
A frilled lizard is nearby!
A frilled lizard is nearby!
The helpless frilled lizard fails to defend itself.
You puncture the frilled lizard!
You kill the frilled lizard!
No target in view!
You see here a frilled lizard corpse.
Found 8 gold pieces.
Found a faded altar of an unknown god.
You now have 157 gold pieces (gained 8).
Found 23 stones.
Found a hunting sling.
Search for what [Enter for "altar", or ? for help]? altar
Found a leather armour.
You see here 23 stones.
A kobold comes into view. It is wielding a +0 club.
Found 4 gold pieces.
There is a faded altar of an unknown god here.
You cannot tell which god this altar belongs to.
Convert to them anyway?
Yredelemnul accepts your prayer! Yredelemnul welcomes you!
You can now trade souls for undead servants.
You can now reap souls.
You can now recall your undead harvest.
Are you sure you want to abandon this character and quit the game? (Confirm with "yes".)

Action                   || total
-------------------------++-------
Melee: Unarmed           ||    45
       Bite              ||     6
       Punch             ||     3
       Dagger            ||    14
 Stab: Sleeping          ||     7
Armor: Robe              ||    10
Dodge: Dodged            ||    38

Levels and vault maps discovered:
D:1:      evilmike_arrival_plus, layout_rooms, dreamdust_wishing_well
D:2:      layout_loops_ring, shapermc_ecumenical_altar_gd,
          uniq_crazy_yiuf_cottage

Notes
Turn   | Place    | Note
-------+----------+-------------------------------------------
     0 | D:1      | sanka the Gnoll Monk began the quest for the Orb.
     0 | D:1      | Reached XP level 1. HP: 23/23 MP: 1/1
   153 | D:1      | Reached XP level 2. HP: 28/29 MP: 2/2
   604 | D:2      | Reached XP level 3. HP: 35/35 MP: 2/4
   756 | D:2      | Found a runed translucent door.
   757 | D:2      | Noticed Crazy Yiuf
  1025 | D:2      | Found a faded altar of an unknown god.
  1080 | D:2      | Prayed at the altar of an unknown god.
  1080 | D:2      | Became a worshipper of Yredelemnul the Dark
  1080 | D:2      | Reached * piety under Yredelemnul
  1080 | D:2      | Reached ** piety under Yredelemnul
  1081 | D:2      | Quit the game

Vanquished Creatures
  An adder (D:2)
  A dart slug (D:1)
  2 endoplasms
  3 giant cockroaches (D:1)
  2 goblins
  A hobgoblin (D:1)
  A quokka (D:1)
  3 ball pythons
  4 bats (D:1)
  2 frilled lizards
  5 kobolds
  A rat (D:1)
26 creatures vanquished.

Vanquished Creatures (others)
  A demonic plant (D:2)
  5 fungi (D:2)
  5 plants (D:2)
11 creatures vanquished.

Grand Total: 37 creatures vanquished
